 Dungeon Crawl Stone Soup version 0.10.4 character file.

1160 MackTheKnife the Cudgeler (level 7, -3/72 HPs)
             Began as a Sludge Elf Berserker on Dec 10, 2014.
             Was an Elder of Trog.
             Killed from afar by an orc wizard (9 damage)
             ... with a magic dart
             ... on Level 7 of the Dungeon on Dec 11, 2014.
             The game lasted 00:15:45 (4407 turns).

MackTheKnife the Cudgeler (Sludge Elf Berserker)    Turns: 4407, Time: 00:15:45

HP  -3/72        AC 15     Str 22      XL: 7   Next: 97%
MP   8/8         EV  5     Int  9      God: Trog [****..]
Gold 323         SH  0     Dex 15      Spells:  0 memorised,  6 levels left

Res.Fire  : . . .   See Invis. : .   a - +3 whip (freeze) (curse)
Res.Cold  : . . .   Warding    : . . o - +0 orc plate armour
Life Prot.: . . .   Conserve   : .   (no shield)
Res.Acid. : . . .   Res.Corr.  : .   (no helmet)
Res.Poison: +       Clarity    : .   k - +0 cloak
Res.Elec. : .       Spirit.Shd : .   n - +2 pair of gauntlets
Sust.Abil.: . .     Stasis     : .   i - +0 pair of boots
Res.Mut.  : .       Ctrl.Telep.: .   (no amulet)
Res.Rott. : .       Levitation : .   j - ring of poison resistance
Saprovore : . . .   Ctrl.Flight: .   m - +2,+6 ring of slaying

@: berserking, very quick, slightly resistant to hostile enchantments, extremely
unstealthy
A: no striking features
a: Burn Spellbooks, Berserk, Trog's Hand, Brothers in Arms, Renounce Religion


You were on level 7 of the Dungeon.
You worshipped Trog.
Trog was extremely pleased with you.
You were very hungry.

You visited 2 branches of the dungeon, and saw 8 of its levels.

You collected 303 gold pieces.

Inventory:

Hand weapons
 a - a cursed +3,+3 whip of freezing (weapon)
Armour
 i - a +0 pair of boots (worn)
 k - a +0 cloak (worn)
 n - a +2 pair of gauntlets (worn)
 o - a +0 orcish plate armour (worn)
Magical devices
 s - a wand of flame (17)
Comestibles
 c - 3 bread rations
 f - 4 meat rations
 t - a choko
 w - an apple
Scrolls
 e - a scroll of identify
 g - a scroll of detect curse
 p - a scroll of teleportation
 q - a scroll of remove curse
Jewellery
 b - a cursed ring of life protection
 d - an uncursed ring of wizardry {unknown}
 j - a ring of poison resistance (right hand)
 m - a +2,+6 ring of slaying (left hand)
 y - an uncursed ring of teleportation
Potions
 h - a potion of brilliance
 l - a potion of might {unknown}
 v - a potion of speed


   Skills:
 - Level 4.0 Fighting
 - Level 2.6 Short Blades
 + Level 7.3 Maces & Flails
 - Level 1.5 Armour
 - Level 2.4 Dodging


You had 6 spell levels left.
You didn't know any spells.

Dungeon Overview and Level Annotations

Branches:
Dungeon (7/27)             Temple (1/1) D:4
    Orc: D:6-11

Altars:
Ashenzari
Cheibriados
Elyvilon
Fedhas
Nemelex Xobeh
Okawaru
Xom


Message History

A red film seems to cover your vision as you go berserk!
You feel yourself moving faster!
You feel mighty!
You are feeling very hungry.
The worker ant bites you.
* * * LOW HITPOINT WARNING * * *
The orc warrior hits you but does no damage.
The orc wizard casts a spell.
The orc wizard seems to speed up.
The orc hits you but does no damage. The orc hits you but does no damage.
You closely miss the orc warrior.
The orc warrior is severely wounded.
The orc completely misses you.
You hit the orc warrior but do no damage.
The orc warrior is severely wounded.
The worker ant bites you but does no damage.
The orc warrior hits you with an orcish morningstar!
* * * LOW HITPOINT WARNING * * *
The orc wizard gestures at you while chanting.
The magic dart hits you!
You die...

#.......#....#
#.......#....#
#.......#....#######
#.......#............
#.......#....#######.
#.................... #
#>......#....###.....
###.##...a...#.#### #.....
#.......o@o.(#.######(....
#.......oo................
#......#.........####.....
#......#.........####.....
#......#...........)......
##..##.#.........####.....
#.. #o#..................
#.. #.#.........######.##
#..... #.#


You could see an orc warrior, a worker ant, an orc wizard and 2 orcs.

Vanquished Creatures
  Menkaure (D:6)
  An ogre (D:7)
  Sigmund (D:6)
  Duvessa (D:6)
  A wight (D:7)
  Dowan (D:6)
  A hound (D:7)
  2 crimson imps (D:6)
  A shadow (D:7)
  An orc priest (D:6)
  An iguana (D:6)
  An orc wizard (D:6)
  A worker ant (D:7)
  7 adders
  3 gnolls (D:6)
  A scorpion zombie (D:6)
  A worm (D:7)
  A bat skeleton (D:2)
  2 giant geckos
  2 oozes (D:1)
  4 orcs (D:6)
  7 giant cockroaches
  14 hobgoblins
  7 jackals
  6 kobolds
  2 quokkas
  2 ball pythons
  13 bats
  6 giant newts
  9 goblins
  9 rats
  A toadstool (D:4)
111 creatures vanquished.

Vanquished Creatures (others)
  An orc (D:6)
  A giant newt (D:1)
  5 toadstools (D:1)
7 creatures vanquished.

Grand Total: 118 creatures vanquished

Notes
Turn   | Place    | Note
--------------------------------------------------------------
     0 | D:1      | MackTheKnife, the Sludge Elf Berserker, began the quest for the Orb.
     0 | D:1      | Reached XP level 1. HP: 16/16 MP: 0/0
   404 | D:1      | Reached XP level 2. HP: 18/21 MP: 2/2
   409 | D:1      | Reached skill level 4 in Fighting
   602 | D:1      | Reached skill level 1 in Maces & Flails
  1082 | D:1      | Reached XP level 3. HP: 25/27 MP: 3/3
  1237 | D:1      | Acquired Trog's second power
  1793 | D:2      | Reached XP level 4. HP: 33/33 MP: 4/4
  2337 | D:3      | Found an iron altar of Okawaru.
  2588 | D:3      | Found a white marble altar of Elyvilon.
  2874 | D:4      | Found a staircase to the Ecumenical Temple.
  2889 | Temple   | Entered the Ecumenical Temple
  3294 | D:5      | Entered Level 5 of the Dungeon
  3307 | D:5      | You fall through a shaft!
  3352 | D:6      | Reached XP level 5. HP: 37/37 MP: 6/6
  3457 | D:6      | Noticed Dowan
  3458 | D:6      | Noticed Duvessa
  3480 | D:6      | Killed Duvessa
  3480 | D:6      | Reached skill level 5 in Maces & Flails
  3480 | D:6      | Reached XP level 6. HP: 44/44 MP: 7/7
  3485 | D:6      | Killed Dowan
  3612 | D:6      | Noticed Menkaure
  3621 | D:6      | Killed Menkaure
  3621 | D:6      | Reached skill level 6 in Maces & Flails
  3621 | D:6      | Reached XP level 7. HP: 48/48 MP: 8/8
  3851 | D:6      | Acquired Trog's third power
  3929 | D:6      | Noticed Sigmund
  3937 | D:6      | Killed Sigmund
  4132 | D:6      | Found a shimmering altar of Xom.
  4320 | D:7      | Reached skill level 7 in Maces & Flails
  4407 | D:7      | Killed from afar by an orc wizard
